 Dungeon Crawl Stone Soup version 0.27.1-33-g824d729ab1 (webtiles) character file.

Game seed: 246136390998009308

46 ces the Bolt Thrower (level 3, 0/18 HPs)
             Began as a Spriggan Hunter on Dec 12, 2021.
             Slain by a gnoll (9 damage)
             ... on level 2 of the Dungeon.
             The game lasted 00:01:11 (899 turns).

ces the Bolt Thrower (Spriggan Hunter)               Turns: 899, Time: 00:01:11

Health: 0/18       AC:  2    Str:  8    XL:     3   Next: 44%
Magic:  4/4        EV: 17    Int: 12    God:
Gold:   61         SH:  0    Dex: 16    Spells: 2/2 levels left

rFire    . . .     SeeInvis +   a - +1 hand crossbow
rCold    . . .     Faith    .   (shield restricted)
rNeg     . . .     Spirit   .   c - +0 robe
rPois    .         Reflect  .   (helmet restricted)
rElec    .         Harm     .   (no cloak)
rCorr    .         Rampage  .   (gloves unavailable)
Will     .....                  (boots unavailable)
Stlth    +++.......             (no amulet)
HPRegen  0.06/turn              (no ring)
MPRegen  0.09/turn              (no ring)

@: very quick
A: very small, no large weapons, unfitting armour, see invisible, speed 3
a: no special abilities


You were on level 2 of the Dungeon.
You visited 1 branch of the dungeon, and saw 2 of its levels.

You collected 61 gold pieces.

Inventory:

Hand Weapons
 a - a +1 hand crossbow (weapon)
 b - a +0 short sword
Missiles
 d - 4 bolts (quivered ammo)
Armour
 c - a +0 robe (worn)
Scrolls
 e - a scroll of teleportation {unknown}
 h - a scroll of identify {unknown}
 i - a scroll of magic mapping {unknown}
Potions
 f - a potion of resistance {unknown}
 g - a potion of heal wounds {unknown}


   Skills:
 - Level 1.5 Fighting
 * Level 2.3 Short Blades
 - Level 4.0 Crossbows
 - Level 2.6 Dodging
 * Level 4.0 Stealth


You had 2 spell levels left.
You didn't know any spells.
Your spell library contained the following spells:

 Spells                   Type           Power      Damage    Failure   Level
 Call Canine Familiar     Summ           0%         N/A       69%         3
 Portal Projectile        Hex/Tloc       0%         N/A       69%         3
 Leda's Liquefaction      Hex/Erth       0%         N/A       97%         4


Dungeon Overview and Level Annotations

Branches:
Dungeon (2/15)

Altars:


Innate Abilities, Weirdness & Mutations

You are very small and have problems with some larger weapons.
You are too small for most types of armour.
You have supernaturally acute eyesight. (SInv)
You cover ground extremely quickly. (Speed+++)


Message History

The giant cockroach is severely wounded.
The adder hisses angrily.
The giant cockroach misses you.
You hit the giant cockroach but do no damage.
The giant cockroach is severely wounded.
The gnoll closely misses you. The giant cockroach barely misses you.
The giant cockroach completely misses you.
There is a large open door here.
There is a stone staircase leading up here.
a - a +1 hand crossbow (weapon)
You shoot a bolt. The bolt hits the giant cockroach!
You kill the giant cockroach!
You shoot a bolt. The bolt barely misses the adder.
The bolt hits the gnoll.
The gnoll is moderately wounded.
You shoot a bolt. The bolt closely misses the adder.
The bolt closely misses the gnoll.
The adder barely misses you.
A gnoll comes into view. It is wielding a +0 spear.
You shoot a bolt. The gnoll shouts!
The bolt hits the adder!
The adder is almost dead.
The adder misses you. The adder closely misses you.
You shoot a bolt. The bolt hits the adder!
You kill the adder!
A gnoll comes into view. It is wielding a +0 whip.
The gnoll closely misses you.
Your Stealth skill increases to level 4!
You shoot a bolt. The bolt hits the gnoll.
The gnoll is heavily wounded.
The gnoll misses you. The gnoll completely misses you.
You shoot a bolt. The bolt hits the gnoll.
The gnoll is almost dead.
The gnoll drinks a potion.
The gnoll is healed!
The gnoll hits you with a +0 whip.
You shoot a bolt. The bolt hits the gnoll.
The gnoll is heavily wounded.
The gnoll hits you with a +0 whip! The gnoll misses you.
The gnoll hits you from afar with a +0 spear!
Ouch! That really hurt!
You die...

..........### #...#
..........# ##÷÷.#
..........# #....# ..
..........# #..##...#
#####.###.# ##......##
###.###.######..###.##
##>.)...................
#.........(....)......##
#...........##g@.....##
#...........#..(g##### ##
#..<..........#g.# #..
#...........#..g.#######..##
#.............#.##..........
##..#..†..####.(...##..#P.#
###..#.....####..##.#......#
..##....[.......(...#......#
.............##.....S...g..#


You could see 4 gnolls.

Vanquished Creatures
  An adder (D:2)
  2 ball pythons
  3 bats
  4 endoplasms
  3 giant cockroaches
  5 goblins
  3 hobgoblins
  3 jackals (D:2)
  3 kobolds
  A quokka (D:1)
  A frilled lizard (D:2)
29 creatures vanquished.

Vanquished Creatures (others)
  6 plants (D:2)
6 creatures vanquished.

Grand Total: 35 creatures vanquished

Notes
Turn   | Place    | Note
-------+----------+-------------------------------------------
     0 | D:1      | ces the Spriggan Hunter began the quest for the Orb.
     0 | D:1      | Reached XP level 1. HP: 10/10 MP: 2/2
   102 | D:1      | Reached skill level 1 in Short Blades
   104 | D:1      | Reached XP level 2. HP: 14/14 MP: 3/3
   628 | D:2      | Reached XP level 3. HP: 18/18 MP: 4/4
   899 | D:2      | Slain by a gnoll

Illustrated notes

Levels and vault maps discovered:
D:1:      dpeg_arrival_pond, layout_basic
D:2:      cheibrodos_old_hovel, layout_rooms

Skill      XL: |  1  2  3 |
---------------+----------+-----
Stealth        | 2 3 4 |  4.0
Short Blades   | 1 2 |  2.3
Fighting       | |  1.5
Crossbows      | |  4.0
Dodging        | |  2.6

Action                   || total
-------------------------++-------
Melee: Short sword       ||    24
 Fire: Hand crossbow     ||    57
 Stab: Sleeping          ||     1
Armor: Robe              ||     9
Dodge: Dodged            ||    48
